 Seeded DCSS version 0.29.1-2-gbd0b4ee654 (webtiles) character file.

Game seed: 3311 (custom seed)

118 Ashen the Magician (level 4, -9/31 HPs)
             Began as a Demonspawn Hedge Wizard on Oct 28, 2022.
             Mangled by an orc
             ... wielding a +0 morningstar
              (11 damage)
             ... on level 3 of the Dungeon.
             The game lasted 00:04:21 (3541 turns).

Ashen the Magician (Demonspawn Hedge Wizard)        Turns: 3541, Time: 00:04:21

Health: -9/31      AC:  4    Str: 10    XL:     4   Next: 72%
Magic:  6/8        EV: 12    Int: 18    God:
Gold:   162        SH:  0    Dex: 12    Spells: 1/9 levels left

rFire   . . .      SeeInvis .   a - +0 short sword (venom)
rCold   . . .      Faith    .   (no shield)
rNeg    . . .      Spirit   .   k - +0 leather armour
rPois   .          Reflect  .   l - +0 helmet
rElec   .          Harm     .   (no cloak)
rCorr   .          Rampage  .   (no gloves)
Will    .....                   (no boots)
Stlth   ++........              (no amulet)
HPRegen 0.10/turn               (no ring)
MPRegen 0.11/turn               (no ring)

@: very slightly contaminated
A: sturdy frame 2, hooves 1
a: no special abilities


You were on level 3 of the Dungeon.
You visited 1 branch of the dungeon, and saw 3 of its levels.

You collected 162 gold pieces.

Inventory:

Hand Weapons
 a - a +0 short sword of venom (weapon)
Armour
 k - a +0 leather armour (worn)
 l - a +0 helmet (worn)
Scrolls
 b - a scroll of noise {unknown}
 c - a scroll of enchant armour {unknown}
 f - a scroll of teleportation {unknown}
 h - a scroll of identify {unknown}
 m - a scroll of fear {unknown}
Potions
 d - a potion of magic
 i - 2 potions of attraction {unknown}
 j - 2 potions of resistance {unknown}


   Skills:
 + Level 0.7 Fighting
 + Level 2.4 Dodging
 + Level 2.4 Stealth
 + Level 3.3 Spellcasting
 + Level 1.9 Conjurations
 + Level 1.9 Summonings
 + Level 1.6 Translocations
 + Level 0.6 Air Magic


You had one spell level left.
You knew the following spells:

 Your Spells              Type           Power      Damage    Failure   Level
a - Magic Dart            Conj           36%        1d4       7%          1
b - Call Imp              Summ           9%         N/A       11%         2
c - Blink                 Tloc           16%        N/A       12%         2
d - Mephitic Cloud        Conj/Pois/Air  6%         N/A       32%         3

Your spell library contained the following spells:

 Spells                   Type           Power      Damage    Failure   Level
 Slow                     Hex            8%         N/A       16%         1
 Conjure Flame            Conj/Fire      6%         6-21      32%         3
 Frozen Ramparts          Ice            4%         1d1       43%         3
 Summon Ice Beast         Ice/Summ       6%         N/A       71%         4
 Ice Form                 Ice/Tmut       2%         N/A       85%         4


Dungeon Overview and Level Annotations

Branches:
Dungeon (3/15)

Altars:

Annotations:
D:2 1 runed translucent door, Crazy Yiuf


Innate Abilities, Weirdness & Mutations

Your movements are less encumbered by armour. (ER -4)
You have large cloven feet.


Message History

The orc priest hits your iron imp but does no damage.
Your iron imp closely misses the orc priest.
The orc priest hits your iron imp but does no damage.
Your iron imp hits the orc priest!
The orc priest dies!
You swap places.
Things that are here:
a +0 short sword; a +0 ring mail The orc wizard shouts!
The orc shouts!
The orc wizard points at you and mumbles some strange words.
The puff of flame hits you. The orc wizard casts a spell at you.
You resist with some effort.
Casting: Magic Dart (safe; 7% risk of failure)
Confirm with . or Enter, or press ? or * to list all spells.
Aiming: Magic Dart (safe; 7% risk of failure)
Press: ? - help, Shift-Dir - straight line, f - orc
Aim: an orc, wielding a +0 morningstar (100% to hit)
The magic dart hits the orc.
The orc is lightly wounded.
Casting: Magic Dart (safe; 7% risk of failure)
Confirm with . or Enter, or press ? or * to list all spells.
Aiming: Magic Dart (safe; 7% risk of failure)
Press: ? - help, Shift-Dir - straight line, f/p - orc
Aim: an orc, wielding a +0 morningstar (lightly wounded, 100% to hit)
You miscast Magic Dart.
You are very lightly contaminated with residual magic.
Nothing appears to happen.
You barely miss the orc. You kick the orc.
The orc is severely wounded.
Your iron imp barely misses the orc.
The orc hits you with a +0 morningstar!
The orc wizard hits you with a +0 dagger.
The orc wizard attacks as you move away!
The orc wizard barely misses you. The orc hits you with a +0 morningstar!
* * * LOW HITPOINT WARNING * * *
Your iron imp misses the orc wizard.
You barely miss the orc wizard. Your kick misses the orc wizard.
The orc wizard closely misses you. The orc hits you with a +0 morningstar!
You die...

####>#.#
#.##############
.)..†#.# #.# #....#
##...#.# #.# #....#
.....#.# #.# #....#
###..#.# ### #....#
###..#.# #....#
.....#.# #....##
###.##.#########5o...#
.....#.)........@o...#
.###.#################
## ###


You could see an orc wizard (ally target), an orc and a friendly iron imp
(summoned).

Vanquished Creatures
  An orc wizard (D:3)
  An adder (D:3)
  A worm (D:1)
  3 dart slugs
  8 endoplasms
  3 giant cockroaches
  5 hobgoblins
  4 jackals (D:2)
  A quokka (D:2)
  6 ball pythons
  3 bats (D:1)
  A frilled lizard (D:1)
  2 goblins (D:1)
  2 kobolds
  3 rats
44 creatures vanquished.

Vanquished Creatures (collateral kills)
  An orc priest (D:3)
1 creature vanquished.

Grand Total: 45 creatures vanquished

Notes
Turn   | Place    | Note
-------+----------+-------------------------------------------
     0 | D:1      | Ashen the Demonspawn Hedge Wizard began the quest for the
                  | Orb.
     0 | D:1      | Reached XP level 1. HP: 13/13 MP: 4/4
   139 | D:1      | Reached skill level 1 in Translocations
   258 | D:1      | Gained mutation: Your movements are slightly less
                  | encumbered by armour. (ER -2) [demonic ancestry]
   258 | D:1      | Reached XP level 2. HP: 10/19 MP: 0/6
  1666 | D:2      | Gained mutation: Your movements are less encumbered by
                  | armour. (ER -4) [demonic ancestry]
  1666 | D:2      | Reached XP level 3. HP: 20/24 MP: 7/7
  1710 | D:1      | Learned a level 2 spell: Call Imp
  1713 | D:1      | Learned a level 2 spell: Blink
  1717 | D:1      | Learned a level 3 spell: Mephitic Cloud
  2023 | D:2      | Found a runed translucent door.
  2024 | D:2      | Noticed Crazy Yiuf
  2049 | D:2      | Found a faded altar of an unknown god.
  3272 | D:3      | Gained mutation: You have large cloven feet. [potion of
                  | mutation]
  3282 | D:3      | Reached XP level 4. HP: 21/31 MP: 6/8
  3541 | D:3      | Mangled by an orc

Illustrated notes

Levels and vault maps discovered:
D:1:      amcnicky_arrival_flooded_fountain, layout_loops_corners
D:2:      layout_basic, shapermc_ecumenical_altar_petra,
          nicolae_figureground_sparkle, uniq_crazy_yiuf_cottage
D:3:      layout_basic, nicolae_sif_muna_little_library,
          mainiacjoe_overflow_paths, serial_co_window_serial,
          co_window_of_opportunity_a, co_window_corner_a, co_window_paths_a,
          co_window_of_opportunity_a, co_window_of_opportunity_a,
          co_window_cross_3, co_window_unsneaky_path_c, co_window_corner_b,
          co_window_cross_4, co_window_unsneaky_path_c,
          co_window_of_opportunity_c, co_window_paths_d, glass_columns_a,
          glass_columns_a, glass_columns_a, glass_columns_c, glass_columns_b

Skill      XL: |  1  2 |
---------------+-------+-----
Translocations | 1 |  1.6
Stealth        | 2 |  2.4
Dodging        | 2 |  2.4
Fighting       | |  0.7
Spellcasting   | |  3.3
Conjurations   | |  1.9
Summonings     | |  1.9
Air Magic      | |  0.6

Action                   |  1- 3 |  4- 6 || total
-------------------------+-------+-------++-------
Melee: Dagger            |     5 |       ||     5
       Short sword       |    35 |     2 ||    37
       Kick              |     1 |     1 ||     2
 Cast: Magic Dart        |    86 |     9 ||    95
       Call Imp          |     1 |     1 ||     2
       Blink             |     1 |       ||     1
  Use: Potion            |     2 |       ||     2
 Stab: Sleeping          |     5 |       ||     5
Armor: Robe              |     4 |       ||     4
       Leather armour    |     3 |       ||     3
Dodge: Dodged            |    23 |     4 ||    27
